 Dungeon Crawl Stone Soup version 0.24-a0-275-g6f7e2cb (webtiles) character file.

Game seed: 5786307638616979348

4 mhoghedin the Magician (level 1, 0/10 HPs)
             Began as a Tengu Wizard on Apr 28, 2019.
             Slain by a jackal (3 damage)
             ... on level 1 of the Dungeon.
             The game lasted 00:00:37 (127 turns).

mhoghedin the Magician (Tengu Wizard)                Turns: 127, Time: 00:00:37

Health: 0/10       AC:  2    Str:  7    XL:     1   Next: 60%
Magic:  3/5        EV: 12    Int: 18    God:
Gold:   0          SH:  0    Dex: 12    Spells: 5/6 levels left

rFire    . . .     SeeInvis .   (no weapon)
rCold    . . .     Gourm    .   (no shield)
rNeg     . . .     Faith    .   a - +0 robe
rPois    .         Spirit   .   b - +0 hat
rElec    .         Reflect  .   (no cloak)
rCorr    .         Harm     .   (no gloves)
MR       .....                  (boots unavailable)
Stlth    ++........             (no amulet)
HPRegen  0.03/turn              (no ring)
MPRegen  0.09/turn              (no ring)

@: no status effects
A: beak, talons 3
a: no special abilities


You were on level 1 of the Dungeon.
You were not hungry.

You visited 1 branch of the dungeon, and saw 1 of its levels.

Inventory:

Armour
 a - a +0 robe (worn)
 b - a +0 hat (worn)
Scrolls
 e - a scroll of teleportation {unknown}
Potions
 c - a potion of heal wounds {unknown}
Comestibles
 d - a ration


   Skills:
 - Level 2.1 Dodging
 - Level 2.0 Stealth
 - Level 3.0 Spellcasting
 + Level 2.2 Conjurations
   Level 1.2 Summonings
   Level 0.7 Translocations


You had 5 spell levels left.
You knew the following spells:

 Your Spells              Type           Power        Failure   Level  Hunger
a - Magic Dart            Conj           ##..         7%          1    None

Your spell library contained the following spells:

 Spells                   Type           Power        Failure   Level  Hunger
 Call Imp                 Summ           #.......     16%         2    ##.....
 Blink                    Tloc           N/A          19%         2    ##.....
 Slow                     Hex            #.......     24%         2    ##.....
 Conjure Flame            Conj/Fire      #.......     30%         3    ###....
 Mephitic Cloud           Conj/Pois/Air  #.......     36%         3    ###....


Dungeon Overview and Level Annotations

Branches:
Dungeon (1/15)

Altars:


Innate Abilities, Weirdness & Mutations

You have a beak for a mouth.
You have claws for feet.


Message History

Welcome, mhoghedin the Tengu Wizard.
It is said that the Orb of Zot exists deep within this dungeon.
Found a green potion.
Found a staircase leading out of the dungeon.
A dart slug comes into view.
You see here a green potion.
Aim: a dart slug (clinging)
The magic dart hits the dart slug.
The dart slug launches a dart at you. The slug dart misses you.
Aim: a dart slug (heavily wounded, clinging)
You miscast Magic Dart.
You are very lightly contaminated with residual magic.
Nothing appears to happen.
You now have 3/5 mp.
Aim: a dart slug (heavily wounded, clinging)
The magic dart hits the dart slug.
You now have 2/5 mp.
Aim: a dart slug (almost dead, clinging)
The magic dart hits the dart slug.
You kill the dart slug!
Your Conjurations skill increases to level 2!
You now have 1/5 mp.
You start resting.
Your magical contamination has completely faded away.
c - a green potion
e - a scroll labeled XEINNOU QOUKHO A giant cockroach comes into view.
A giant cockroach is nearby!
Aim: a giant cockroach (resting)
The magic dart hits the giant cockroach.
You now have 3/5 mp.
Aim: a giant cockroach (heavily wounded, clinging)
The magic dart hits the giant cockroach.
You now have 2/5 mp.
Aim: a giant cockroach (severely wounded, clinging)
The magic dart hits the giant cockroach.
The giant cockroach completely misses you.
The giant cockroach bites you.
You take 2 damage, and have 8/10 hp.
You now have 1/5 mp.
Unknown command.
Aim: a giant cockroach (almost dead, clinging)
The magic dart hits the giant cockroach but does no damage.
The giant cockroach bites you but does no damage.
You hit the giant cockroach.
You kill the giant cockroach!
You start resting.
Health restored: 10; MP restored: 5
Found a stone staircase leading down.
A jackal comes into view.
The jackal barks!
You hear a bark!
The jackal moves out of view.
A jackal comes into view.
A dart slug comes into view.
What are your orders? t - Shout!
Orders for allies: a - Attack new target. r - Retreat! s - Stop attacking. g - Guard the area. f - Follow me.
Anything else - Cancel.
You shout for attention!
You hear a shout! x2
The jackal closely misses you. The jackal bites you.
You take 3 damage, and have 7/10 hp.
MASSIVE DAMAGE!!
The jackal bites you but does no damage.
The dart slug launches a dart at you. The slug dart hits you.
* * * LOW HITPOINT WARNING * * *
You take 4 damage, and have 3/10 hp.
MASSIVE DAMAGE!!
The jackal bites you but does no damage.
The jackal bites you but does no damage.
Okay, then.
Unknown command.
Aim: a jackal The magic dart hits the jackal but does no damage.
The jackal barely misses you.
You now have 4/5 mp.
Aim: a jackal The magic dart hits the jackal.
The jackal bites you.
You die...

.. ...#.#.#.#.#... ...#
..#.#.#.#..
.....##.#...#.##..
#........#.....#....
#..######...<...# ###...#
#........#.....#.........#
#......##.#...#.## ......#
#....##..#.#.#.#..##.....#
#...#...#.#@#.#.#...#(...#
#......#..#h#.#..#.......#
#.....#..#.h#..#.w#......#
###..#...#..#..#...#....>#
#.....#...#...#......#.#
##........#.h........#
###......w.........##
######.........###
###########


You could see a dart slug and 2 jackals.

Vanquished Creatures
  A dart slug (D:1)
  A giant cockroach (D:1)
2 creatures vanquished.

Notes
Turn   | Place    | Note
-------+----------+-------------------------------------------
     0 | D:1      | mhoghedin the Tengu Wizard began the quest for the Orb.
     0 | D:1      | Reached XP level 1. HP: 10/10 MP: 5/5
     6 | D:1      | Reached skill level 2 in Conjurations
   127 | D:1      | Slain by a jackal

Levels and vault maps discovered:
D:1:      minmay_arrival_radiant_lines, layout_basic, kennysheep_doodads,
          minivault_23

Skill      XL: |  1 |
---------------+----+-----
Conjurations   | 2 |  2.2
Dodging        | |  2.1
Stealth        | |  2.0
Spellcasting   | |  3.0
Summonings     | |  1.2
Translocations | |  0.7

Action                   || total
-------------------------++-------
Melee: Unarmed           ||     1
 Cast: Magic Dart        ||     9
Armor: Robe              ||     4
Dodge: Dodged            ||     4

Table legend:
 A = Non-vault XP
 B = Vault XP
 C = Vault XP percentage of total XP
 D = Non-vault monster count
 E = Vault monster count
 F = Vault count percentage of total count
                 A         B        C        D         E       F
            +---------+---------+-------+---------+---------+-------
      Total |       6 |       0 |   0.0 |       2 |       0 |   0.0
            +---------+---------+-------+---------+---------+-------
        D:1 |       6 |       0 |   0.0 |       2 |       0 |   0.0
            +---------+---------+-------+---------+---------+-------

Levels and vault maps discovered:
D:1:      minmay_arrival_radiant_lines, layout_basic, kennysheep_doodads,
          minivault_23

Table legend:
 A = Turns spent in this place as a percentage of turns spent in the entire game.
 B = Non-inter-level travel turns spent in this place as a percentage of non-inter-level travel turns spent in the entire game.
 C = Inter-level travel turns spent in this place as a percentage of turns spent in this place.
 D = Turns resting spent in this place as a percentage of non-inter-level travel turns spent in this place.
 E = Turns spent auto-exploring this place as a percentage of non-inter-level travel turns spent in this place.
 F = Non-inter-level travel turns spent in this place divided by the number of levels of this place that you've seen.
                   A       B       C       D       E      F
               +-------+-------+-------+-------+-------+----------------------
         Total | 100.0 | 100.0 |   0.0 |  54.3 |  20.5 | 127.0
       Dungeon | 100.0 | 100.0 |   0.0 |  54.3 |  20.5 | 127.0
               +-------+-------+-------+-------+-------+----------------------

Table legend:
 A = Kills in this place as a percentage of kills in entire the game.
 B = Kills by you in this place as a percentage of kills by you in the entire game.
 C = Kills by friends in this place as a percentage of kills by friends in the entire game.
 D = Other kills in this place as a percentage of other kills in the entire game.
 E = Experience gained in this place as a percentage of experience gained in the entire game.
 F = Experience gained in this place divided by the number of levels of this place that you have seen.
                   A       B       C       D       E      F
               +-------+-------+-------+-------+-------+----------------------
         Total | 100.0 | 100.0 |   N/A |   N/A | 100.0 |   6.0
       Dungeon | 100.0 | 100.0 |   N/A |   N/A | 100.0 |   6.0
               +-------+-------+-------+-------+-------+----------------------
